 Dungeon Crawl Stone Soup version 0.22.1-6-g1668fe2 (webtiles) character file.

81 Kairos the Shield-Bearer (level 4, 23/23 HPs)
             Began as a Vine Stalker Fighter on Jan 16, 2019.
             Quit the game on level 2 of the Dungeon.
             The game lasted 00:01:49 (1307 turns).

Kairos the Shield-Bearer (Vine Stalker Fighter)     Turns: 1307, Time: 00:01:50

Health: 23/23      AC:  6    Str: 19    XL:     4   Next: 42%
Magic:  5/5        EV:  7    Int:  8    God:
Gold:   82         SH:  9    Dex: 14    Spells: 3/3 levels left

rFire    . . .     SeeInvis .   a - +1 war axe
rCold    . . .     Gourm    .   c - +0 shield
rNeg     . . .     Faith    .   b - +0 scale mail
rPois    .         Spirit   +   (no helmet)
rElec    .         Reflect  .   (no cloak)
rCorr    .         Harm     .   (no gloves)
MR       .....                  (no boots)
Stlth    ..........             (no amulet)
HPRegen  0.47/turn              (no ring)
MPRegen  0.09/turn              (no ring)

@: no status effects
A: fangs 2, regeneration 1, magic shield, antimagic bite, no potion heal 3, rot
immunity
a: no special abilities


You were on level 2 of the Dungeon.
You were hungry.

You visited 1 branch of the dungeon, and saw 3 of its levels.

You collected 82 gold pieces.

Inventory:

Hand Weapons
 a - a +1 war axe (weapon)
Armour
 b - a +0 scale mail (worn)
 c - a +0 shield (worn)
Scrolls
 e - 6 scrolls of identify {unknown}
 h - a scroll of fear
 i - a scroll of random uselessness {unknown}
 j - a scroll of teleportation {unknown}
 l - a scroll of fog {unknown}
Potions
 d - a potion of might
 g - a potion of invisibility {unknown}
 k - a potion of mutation {unknown}
Comestibles
 f - 5 rations


   Skills:
 + Level 2.9 Fighting
 + Level 2.7 Axes
 + Level 2.7 Armour
 + Level 0.3 Dodging
 + Level 0.8 Stealth
 + Level 3.3 Shields


You had 3 spell levels left.
You didn't know any spells.
Your spell library contained the following spells:

 Spells                   Type           Power        Failure   Level  Hunger
 Sublimation of Blood     Necr           #.........   100%        2    ###....
 Ignite Poison            Fire/Tmut/Pois #.......     100%        3    ####...
 Petrify                  Tmut/Erth      #.......     100%        4    #####..
 Alistair's Intoxication  Tmut/Pois      #.......     100%        5    ######.
 Irradiate                Conj/Tmut      #.........   100%        5    ######.


Dungeon Overview and Level Annotations

Branches:
Dungeon (3/15)

Altars:
Dithmenos
Makhleb


Innate Abilities, Weirdness & Mutations

You have extremely sharp teeth.
Your natural rate of healing is unusually fast.
When hurt, damage is shared between your health and your magic reserves.
Your bite disrupts and absorbs the magic of your enemies.
Potions cannot restore your health.
You are immune to rotting.


Message History

An adder zombie is nearby!
An adder zombie is nearby!
You slash the adder zombie! Your bite misses the adder zombie.
The adder zombie is severely damaged.
You block the adder zombie's attack.
You slash the adder zombie!
You destroy the adder zombie!
No target in view!
No target in view!
No target in view!
No target in view!
No target in view!
No target in view!
No target in view!
No target in view!
No target in view!
No target in view!
A quokka skeleton comes into view.
A quokka skeleton is nearby!
Are you sure you want to abandon this character and quit the game? (Confirm

.#.# #.# #.#.....#
.#.# #.# #...#.###
.#.# ##.## ###...#.#
...###...####.......#
....................#
.........####.......#
########## ###...###
#...# ##@## #...#
#....# .....# Z....#
######### .....##
........# .....#
##### #.# ......# #.#


You could see a quokka skeleton.

Vanquished Creatures
  2 adders
  An ooze (D:3)
  2 adder zombies (D:2)
  A worm (D:2)
  A dart slug (D:3)
  5 leopard geckos
  2 orcs
  A bat zombie (D:2)
  3 giant cockroaches (D:1)
  7 goblins
  2 hobgoblins
  2 bats (D:1)
  6 frilled lizards
  7 kobolds
  A leopard gecko zombie (D:2)
  2 rats
45 creatures vanquished.

Notes
Turn   | Place    | Note
-------+----------+-------------------------------------------
     0 | D:1      | Kairos the Vine Stalker Fighter began the quest for the
                  | Orb.
     0 | D:1      | Reached XP level 1. HP: 11/11 MP: 2/2
    97 | D:1      | Reached XP level 2. HP: 11/16 MP: 3/3
   286 | D:1      | Reached skill level 3 in Shields
   485 | D:1      | Reached XP level 3. HP: 17/19 MP: 2/4
   669 | D:2      | You fall through a shaft!
  1000 | D:2      | Found a burning altar of Makhleb.
  1017 | D:2      | Gained mutation: Your natural rate of healing is unusually
                  | fast. [Vine Stalker growth]
  1017 | D:2      | Reached XP level 4. HP: 16/23 MP: 5/5
  1225 | D:2      | Found a shadowy altar of Dithmenos.
  1307 | D:2      | Quit the game

Skill      XL: |  1  2 |
---------------+-------+-----
Axes           | 2 |  2.7
Shields        | 3 |  3.3
Fighting       | |  2.9
Armour         | |  2.7
Dodging        | |  0.3
Stealth        | |  0.8

Action                   |  1- 3 |  4- 6 || total
-------------------------+-------+-------++-------
Melee: War axe           |    92 |    21 ||   113
       Bite              |    18 |     1 ||    19
  Use: Scroll            |     2 |       ||     2
       Potion            |     1 |       ||     1
  Eat: Chunk             |       |     1 ||     1
Armor: Scale mail        |    32 |     9 ||    41
Dodge: Dodged            |    21 |     4 ||    25
Block: Shield            |    48 |    10 ||    58
